Map: Orbital Shipyard

Players

Miszu - Winner!

  • Race: Terran Terran
  • League: Grandmaster

IIIIIIIIIIII

  • Race: Protoss Protoss
  • League: Grandmaster

VOD

Have the link to the VOD?

Description

Time

  • Played on: Feb. 22, 2016, 8:34 a.m.
  • Length: 11:03
Show
View Real Time Build Order
Export as new Build Order

Miszu Terran - Winner!

Build Orders: Command Center First (CC), MMM Bio 

Get SALT Encoding   

  12  0:01  SCV  
  13  0:13  SCV  
  14  0:17  Supply Depot  
  14  0:25  SCV  
  15  0:39  SCV  
  16  0:51  SCV  
  17  1:03  SCV  
  18  1:10  Command Center  
  18  1:15  SCV  
  18  1:16  Barracks  
  19  1:27  SCV  
  19  1:29  Barracks  
  21  1:40  SCV  
  21  1:41  Barracks  
  21  1:52  SCV  
  22  2:04  Marine, Orbital Command  
  23  2:25  Marine  
  23  2:27  Orbital Command  
  23  2:28  Marine  
  23  2:29  Marine  
  26  2:31  SCV  
  26  2:37  Refinery x2  
  27  2:43  Marine, SCV  
  29  2:45  Supply Depot  
  29  2:46  Marine  
  29  2:49  Supply Depot  
  30  2:52  Marine  
  30  2:54  SCV  
  30  2:55  SCV  
  33  3:01  Marine  
  34  3:06  SCV  
  34  3:07  Marine, SCV  
  34  3:10  Barracks Tech Lab  
  37  3:18  SCV  
  37  3:19  Marine, SCV  
  40  3:25  Marine  
  41  3:29  Marine  
  41  3:30  Stimpack  
  41  3:31  SCV  
  41  3:33  Supply Depot  
  43  3:35  SCV  
  43  3:37  Marine  
  45  3:43  Marine, SCV  
  45  3:47  Factory, Marine  
  45  3:48  SCV  
  49  3:52  Refinery  
  49  3:53  Supply Depot  
  49  3:54  Marine  
  49  3:55  Supply Depot, SCV  
  51  4:01  Marine  
  52  4:06  SCV  
  52  4:07  Marine  
  54  4:12  SCV  
  54  4:15  Engineering Bay  
  55  4:18  SCV  
  55  4:19  Supply Depot  
  55  4:22  Barracks Reactor, Barracks Tech Lab  
  56  4:24  SCV  
  56  4:25  Marine  
  56  4:30  SCV  
  59  4:33  Starport, Factory Reactor  
  59  4:36  SCV  
  60  4:41  Marine  
  60  4:42  Combat Shields  
  60  4:43  Supply Depot  
  60  4:45  SCV  
  62  4:49  Marine  
  62  4:51  SCV  
  64  4:56  Terran Infantry Weapons Level 1  
  64  4:57  SCV  
  65  5:03  Missile Turret  
  65  5:05  SCV  
  65  5:06  Missile Turret  
  66  5:07  Supply Depot  
  66  5:08  Liberator  
  66  5:09  Liberator, SCV  
  69  5:18  SCV  
  69  5:20  Marine x3  
  69  5:21  Marine, SCV  
  79  5:29  Supply Depot  
  79  5:30  SCV  
  79  5:31  Refinery  
  80  5:38  Marine, SCV  
  80  5:40  Marauder  
  80  5:42  SCV  
  85  5:47  Command Center  
  85  5:50  SCV  
  81  5:58  Marauder  
  81  6:00  Concussive Shells  
  81  6:01  Marauder, SCV  
  86  6:06  SCV  
  87  6:14  Marine  
  87  6:16  Medivac x2  
  92  6:19  Marauder  
  92  6:21  SCV  
  92  6:22  SCV  
  92  6:23  Marauder  
  97  6:29  Marine  
  98  6:34  Barracks  
  98  6:35  Barracks  
  98  6:37  SCV  
  99  6:40  Marauder  
  99  6:45  Missile Turret  
  99  6:46  Medivac x2  
  105  6:59  Marine  
  105  7:00  Marine, Marauder  
  109  7:02  Marauder  
  111  7:15  Orbital Command  
  111  7:16  SCV x2  
  111  7:17  Marine, Liberator  
  111  7:18  Starport, Fusion Core  
  111  7:21  Marauder  
  116  7:28  SCV x2  
  118  7:34  Marine, Marauder  
  124  7:40  SCV  
  125  7:46  Marauder, SCV x2  
  125  7:47  Supply Depot  
  125  7:48  Supply Depot, Liberator  
  125  7:50  Supply Depot  
  128  7:53  SCV  
  128  7:56  Refinery x2, Terran Infantry Armor Level 1  
  128  7:58  SCV  
  133  8:06  Starport Tech Lab  
  133  8:11  Liberator  
  132  8:22  Liberator  
  132  8:24  Supply Depot  
  132  8:27  Supply Depot, Advanced Ballistics  
  132  8:30  Supply Depot  
  135  8:34  Liberator  
  138  8:43  Marine  
  138  8:44  Marine, Marauder x2  
  138  8:47  Supply Depot  
  144  8:52  Supply Depot  
  144  8:54  Barracks Reactor, Liberator  
  144  8:55  Supply Depot, Barracks Tech Lab  
  147  9:05  Liberator  
  147  9:07  Marine, Marauder  
  147  9:08  Marine  
  147  9:09  Marauder  
  156  9:17  Liberator  
  159  9:29  Marauder  
  161  9:35  Marine x2, Marauder x2  
  161  9:37  Marine, Liberator  
  170  9:47  Engineering Bay  
  170  9:48  Liberator, Armory  
  170  9:50  Command Center, Marauder  
  172  9:59  Marine, Marauder  
  175  10:00  Liberator  
  178  10:14  Marine  
  178  10:15  Marine, Marauder  
  178  10:16  Marine, Marauder  
  188  10:29  Barracks  
  188  10:32  Barracks  
  188  10:34  Barracks  
Show
View Real Time Build Order
Export as new Build Order

IIIIIIIIIIII Protoss 

Build Orders: 1 Gate Expand, Colossus Rush 

Get SALT Encoding   

  12  0:01  Probe (Chrono Boost)  
  13  0:12  Probe (Chrono Boost)  
  14  0:18  Pylon  
  14  0:22  Probe (Chrono Boost)  
  15  0:36  Probe (Chrono Boost)  
  15  0:37  Gateway  
  16  0:46  Probe (Chrono Boost)  
  16  0:48  Assimilator  
  17  0:57  Probe (Chrono Boost)  
  18  1:08  Probe (Chrono Boost)  
  19  1:18  Probe (Chrono Boost)  
  20  1:25  Nexus  
  20  1:35  Cybernetics Core  
  20  1:38  Probe (Chrono Boost)  
  21  1:45  Assimilator  
  21  1:49  Probe (Chrono Boost)  
  22  1:54  Pylon  
  22  1:59  Probe (Chrono Boost)  
  23  2:12  Probe (Chrono Boost)  
  23  2:14  Stalker  
  26  2:16  Warp Gate  
  26  2:23  Probe (Chrono Boost)  
  27  2:34  Mothership Core (Chrono Boost)  
  29  2:38  Probe (Chrono Boost)  
  32  2:48  Robotics Facility, Probe (Chrono Boost)  
  31  2:52  Adept, Probe (Chrono Boost)  
  34  2:59  Probe (Chrono Boost)  
  34  3:00  Pylon  
  34  3:02  Probe (Chrono Boost)  
  36  3:09  Probe (Chrono Boost)  
  37  3:13  Probe (Chrono Boost)  
  40  3:20  Adept, Probe (Chrono Boost)  
  40  3:23  Probe (Chrono Boost)  
  42  3:31  Probe (Chrono Boost)  
  44  3:34  Probe (Chrono Boost)  
  44  3:36  Robotics Bay  
  44  3:37  Warp Prism  
  47  3:41  Probe (Chrono Boost)  
  47  3:45  Probe (Chrono Boost)  
  48  3:53  Gateway  
  48  3:55  Gateway  
  48  3:57  Adept  
  48  3:59  Probe (Chrono Boost)  
  48  4:00  Probe (Chrono Boost)  
  52  4:04  Pylon  
  52  4:06  Assimilator  
  53  4:10  Probe (Chrono Boost)  
  53  4:12  Assimilator  
  53  4:13  Probe (Chrono Boost)  
  53  4:16  Pylon  
  54  4:22  Observer (Chrono Boost), Probe  
  56  4:24  Probe  
  56  4:26  Gravitic Drive (Chrono Boost)  
  57  4:34  Probe  
  57  4:36  Disruptor (Chrono Boost)  
  58  4:39  Probe  
  62  4:46  Probe  
  62  4:48  Pylon  
  62  4:51  Twilight Council, Probe  
  64  4:58  Probe  
  65  5:00  Nexus  
  65  5:06  Probe  
  66  5:09  Observer  
  66  5:10  Probe (Chrono Boost)  
  68  5:17  Pylon  
  68  5:20  Probe (Chrono Boost)  
  69  5:22  Probe (Chrono Boost)  
  69  5:23  Blink (Chrono Boost)  
  69  5:26  Pylon  
  70  5:30  Observer, Probe  
  70  5:34  Stalker x2  
  70  5:35  Probe  
  76  5:42  Probe  
  78  5:43  Pylon  
  78  5:52  Colossus  
  78  5:55  Probe  
  85  5:57  Probe  
  85  5:59  Adept x3  
  92  6:06  Probe  
  92  6:09  Probe  
  94  6:14  Probe  
  94  6:16  Probe  
  96  6:21  Probe  
  97  6:26  Probe  
  97  6:27  Extended Thermal Lance (Chrono Boost)  
  97  6:29  Probe  
  99  6:33  Probe  
  99  6:34  Assimilator  
  99  6:39  Colossus  
  100  6:41  Assimilator  
  100  6:43  Pylon  
  100  6:46  Forge  
  106  6:47  Forge  
  106  6:50  Pylon  
  106  6:54  Stalker x3  
  106  7:00  Probe x2  
  114  7:04  Pylon  
  114  7:12  Pylon  
  114  7:14  Pylon  
  114  7:17  Gateway  
  114  7:18  Gateway  
  114  7:19  Gateway  
  114  7:23  Sentry x2, Pylon  
  114  7:26  Colossus  
  118  7:34  Charge, Stalker  
  126  7:54  Protoss Ground Weapons Level 1 (Chrono Boost)  
  126  7:55  Protoss Ground Armor Level 1 (Chrono Boost)  
  126  7:58  Observer Gravitic Boosters  
  126  8:00  Zealot x3  
  132  8:11  Pylon  
  132  8:20  Gateway  
  132  8:21  Gateway  
  132  8:22  Gateway, Stargate  
  132  8:26  Nexus, Zealot x2  
  132  8:27  Zealot x4  
  138  8:34  Colossus  
  144  8:45  Pylon  
  150  8:49  Assimilator  
  150  8:51  Stalker x3  
  150  8:52  Zealot x3  
  150  8:53  Assimilator  
  162  8:57  Pylon  
  162  9:07  Pylon  
  162  9:15  Stalker x3  
  162  9:16  Fleet Beacon  
  168  9:17  Stargate  
  168  9:19  Stargate  
  168  9:23  Pylon  
  168  9:24  Stalker x2  
  170  9:25  Observer, Stalker  
  174  9:49  Photon Cannon  
  166  10:07  Stalker x2  
  166  10:08  Stalker x2  
  166  10:11  Tempest (Chrono Boost)  
  178  10:20  Zealot  
  178  10:21  Zealot x4  
  188  10:25  Tempest (Chrono Boost)  
  145  10:43  Stalker x5  
  145  10:44  Stalker  
Tags
 
Add a new tag
Caveats
  • Supply blocks, unpowered buildings, or Contaminate may cause inaccurate times.
  • Supply counts are checked every 10 seconds.